 Dungeon Crawl Stone Soup version 0.21.1-1-g345015f (webtiles) character file.

1037 tev the Chopper (level 8, -4/61 HPs)
             Began as a Demonspawn Berserker on July 30, 2018.
             Was an Elder of Trog.
             Killed from afar by a raiju (11 damage)
             ... with a living lightning
             ... on level 1 of the Abyss.
             The game lasted 00:17:44 (4269 turns).

tev the Chopper (Demonspawn Berserker)              Turns: 4269, Time: 00:17:46

Health: -4/61      AC:  5    Str: 19    XL:     8   Next: 4%
Magic:  17/17      EV: 12    Int:  9    God:    Trog [****..]
Gold:   225        SH:  0    Dex: 13    Spells: 7/7 levels left

rFire    + . .     SeeInvis .   a - +0 hand axe
rCold    . . .     Gourm    .   (no shield)
rNeg     . . .     Faith    .   i - +0 ring mail
rPois    .         Spirit   .   (no helmet)
rElec    .         Reflect  .   (no cloak)
rCorr    .         Harm     .   (no gloves)
MR       ++...                  (boots unavailable)
Stlth    +.........             v - amulet of magic regeneration
HPRegen  1.20/turn              f - ring of magical power
MPRegen  0.40/turn              (no ring)

@: berserk cooldown, regenerating, slowed, very slow
A: talons 3, demonic guardian 1, fire resistance 1, spiny 1
a: Berserk, Trog's Hand, Brothers in Arms, Burn Spellbooks, Renounce Religion


You were on level 1 of the Abyss.
You worshipped Trog.
Trog was greatly pleased with you.
You were not hungry.

You visited 1 branch of the dungeon, and saw 4 of its levels.
You visited the Abyss 1 time.
You also visited: Sewer.

You collected 225 gold pieces.

Inventory:

Hand Weapons
 a - a +0 hand axe (weapon)
Armour
 h - a +0 pair of boots
 i - a +0 ring mail (worn)
Jewellery
 f - a ring of magical power (left hand)
 v - an amulet of magic regeneration (around neck)
Scrolls
 d - 2 scrolls of remove curse
 g - 2 scrolls of random uselessness {unknown}
 k - a scroll of enchant armour {unknown}
 m - 2 scrolls of fog {unknown}
 n - 4 scrolls of magic mapping {unknown}
 o - a scroll of amnesia {unknown}
 r - 2 scrolls of identify {unknown}
 t - a scroll of teleportation {unknown}
Potions
 b - 3 potions of curing {unknown}
 e - 4 potions of flight {unknown}
 j - 3 potions of invisibility {unknown}
 l - 6 potions of agility {unknown}
 p - a potion of brilliance {unknown}
 q - 5 potions of heal wounds
 s - a potion of lignification {unknown}
 w - a potion of magic {unknown}
Comestibles
 c - 9 rations


   Skills:
 + Level 4.5 Fighting
 * Level 7.4 Axes
 + Level 3.5 Armour
 + Level 2.8 Dodging


You had 7 spell levels left.
You didn't know any spells.

Dungeon Overview and Level Annotations

Branches:
Dungeon (4/15)
 Temple: D:4-7

Altars:
Ashenzari
Dithmenos
Elyvilon
Kikubaaqudgha
Okawaru
Wu Jian
The Shining One


Innate Abilities, Weirdness & Mutations

You have claws for feet.
A weak demonic guardian rushes to your aid.
Your flesh is heat resistant. (rF+)
You are partially covered in sharp spines.


Message History

You slice the raiju!!
You kill the raiju!
Trog accepts your kill.
You have reached level 8!
You feel clever.
Your demonic ancestry asserts itself...
You feel resistant to heat.
The raiju bursts into living lightning!
The living lightning misses you.
The raiju blinks!
You feel a strong urge to attack something.
You are no longer berserk.
You are exhausted.
You feel yourself slow down.
You closely miss the raiju. You claw the raiju, but do no damage.
The raiju bursts into living lightning!
The living lightning hits you!
* * * LOW HITPOINT WARNING * * *
The living lightning misses the raiju.
The raiju blinks!
The raiju bursts into living lightning!
The living lightning hits you!
You die...

#..#..##.........
..#.#........_..
#....h......... .
#....h....... .
..##.............
..........$.... .
# #......)..(....
..[#............
. ##..@....... ?
#..ยง.........
##...........
##........#.
...##.#.## .....
.... .... ...
.###.# ##


You could see 2 raiju.

Vanquished Creatures
  A raiju (Abyss:1)
  A necrophage (D:3)
  2 ogres (D:4)
  A big kobold (Sewer)
  2 orc priests (D:4)
  A hound (D:4)
  3 orc wizards (D:4)
  4 worker ants (D:4)
  9 adders
  4 river rats (Sewer)
  2 oozes
  5 worms
  2 leopard geckos
  9 orcs
  5 ball pythons
  A giant cockroach (D:1)
  4 goblins (D:1)
  6 hobgoblins
  4 jackals (D:1)
  23 kobolds
  2 quokkas (D:2)
  5 bats
  6 frilled lizards
  A goblin zombie (D:4)
  A leopard gecko skeleton (D:4)
  A quokka skeleton (D:4)
  25 rats
130 creatures vanquished.

Vanquished Creatures (collateral kills)
  A big kobold (D:4)
  An orc (D:4)
  A kobold (Sewer)
  A leopard gecko skeleton (D:4)
4 creatures vanquished.

Grand Total: 134 creatures vanquished

Notes
Turn   | Place    | Note
-------+----------+-------------------------------------------
     0 | D:1      | tev the Demonspawn Berserker began the quest for the Orb.
     0 | D:1      | Reached XP level 1. HP: 18/18 MP: 1/1
   142 | D:1      | Reached skill level 3 in Axes
   146 | D:1      | Gained mutation: You have sharp toenails. [demonic ancestry]
   146 | D:1      | Reached XP level 2. HP: 6/24 MP: 2/2
   894 | D:2      | Reached ** piety under Trog
  1226 | D:2      | Gained mutation: You are partially covered in sharp spines. [demonic ancestry]
  1226 | D:2      | Reached XP level 3. HP: 29/29 MP: 3/3
  1745 | D:3      | Found an ancient bone altar of Kikubaaqudgha.
  1762 | D:3      | Reached skill level 4 in Axes
  1762 | D:3      | Gained mutation: A weak demonic guardian rushes to your aid. [demonic ancestry]
  1762 | D:3      | Reached XP level 4. HP: 19/35 MP: 4/4
  1784 | D:3      | Noticed a necrophage
  1792 | D:3      | Killed a necrophage
  1792 | D:3      | Gained mutation: You have razor-sharp toenails. [demonic ancestry]
  1792 | D:3      | Reached XP level 5. HP: 29/42 MP: 5/5
  2103 | D:3      | Found a shattered altar of Ashenzari.
  2105 | D:3      | Found an ornate altar of the Wu Jian Council.
  2108 | D:3      | Found a shadowy altar of Dithmenos.
  2161 | D:3      | Found a glowing drain.
  2170 | Sewer    | Entered a sewer
  2266 | Sewer    | Reached skill level 5 in Axes
  2322 | Sewer    | Reached *** piety under Trog
  2388 | Sewer    | Gained mutation: You have claws for feet. [demonic ancestry]
  2388 | Sewer    | Reached XP level 6. HP: 39/48 MP: 6/6
  3118 | D:3      | Reached **** piety under Trog
  3156 | D:3      | Found a white marble altar of Elyvilon.
  3202 | D:3      | Found a glowing golden altar of the Shining One.
  3539 | D:4      | Found an iron altar of Okawaru.
  3632 | D:4      | Reached skill level 6 in Axes
  3636 | D:4      | Reached XP level 7. HP: 49/54 MP: 7/7
  3689 | D:4      | Got a translucent spear
  4205 | D:4      | Reached skill level 7 in Axes
  4207 | D:4      | Identified the +1 spear "Ycouq" {distort, rF+} (You found it on level 4 of the Dungeon)
  4208 | D:4      | Cast into level 1 of the Abyss (a distortion unwield)
  4208 | Abyss:1  | Found a corrupted altar of Lugonu.
  4256 | Abyss:1  | Noticed a raiju
  4256 | Abyss:1  | Noticed a raiju
  4262 | Abyss:1  | Noticed a raiju
  4265 | Abyss:1  | Killed a raiju
  4265 | Abyss:1  | Gained mutation: Your flesh is heat resistant. (rF+) [demonic ancestry]
  4265 | Abyss:1  | Reached XP level 8. HP: 30/61 MP: 8/8
  4269 | Abyss:1  | Killed from afar by a raiju

Skill      XL: |  1  2  3  4  5  6  7 |
---------------+----------------------+-----
Axes           | 3 4 5 6 7 |  7.4
Armour         | 2 3 |  3.5
Dodging        | 2 |  2.8
Fighting       | 4 |  4.5

Action                   |  1- 3 |  4- 6 |  7- 9 || total
-------------------------+-------+-------+-------++-------
Melee: Hand axe          |   102 |   139 |    55 ||   296
       Kick              |     8 |    15 |    19 ||    42
Invok: Berserk           |     1 |     2 |     1 ||     4
       Trog's Hand       |       |     2 |     1 ||     3
  Use: Scroll            |     1 |       |       ||     1
       Potion            |       |     1 |       ||     1
 Stab: Sleeping          |     2 |       |       ||     2
       Distracted        |       |     2 |       ||     2
  Eat: Chunk             |     4 |     7 |     2 ||    13
       Ration            |       |       |     1 ||     1
Armor: Animal skin       |     9 |       |       ||     9
       Ring mail         |    13 |    33 |    11 ||    57
Dodge: Dodged            |    57 |    65 |    30 ||   152
